SKY
FRESNO FALCONS @ COLORADO ROCKIES
08/27/2051
 
TOP OF THE 1ST
Fresno Falcons batting - Pitching for Colorado Rockies : RHP Eric Wilson
Pitching: RHP Eric Wilson
Batting: RHB Zach Pryor 0-0: Ball
1-0: Ball
2-0: Ground out 1-3 (Groundball, 15S, EV 60.6 MPH)
Batting: RHB Aryan Christopherson 0-0: Ball
1-0: Ball
2-0: SINGLE (Groundball, 6MS, EV 75.6 MPH) (infield hit)
Batting: LHB Juan Oliu Pickoff Throw to First - Out! 1-3
0-0: Called Strike
0-1: Ball
1-1: Ground out 4-3 (Groundball, 4M, EV 96.9 MPH)
Top of the 1st over - 0 runs, 1 hit, 0 errors, 0 left on base; Fresno 0 - Colorado 0
BOTTOM OF THE 1ST
Colorado Rockies batting - Pitching for Fresno Falcons : RHP Christopher Womack
Pitching: RHP Christopher Womack
Batting: RHB Vic Soler 0-0: Ball
1-0: Ball
2-0: Called Strike
2-1: Swinging Strike
2-2: Fly out, F9 (Flyball, 89M, EV 98.8 MPH)
Batting: LHB Landon Ramsburg 0-0: Ball
1-0: Ball
2-0: Ball
3-0: Called Strike
3-1: Base on Balls
Batting: RHB Edward Lepak 0-0: Ball
1-0: Foul Ball, location: 2RF
1-1: Foul Ball, location: 7LSF
1-2: Foul Ball, location: 2F
1-2: Foul Ball, location: 9LSF
1-2: Ball
2-2: Strikes out looking
Batting: LHB Dave Ramsey 0-0: Called Strike
0-1: Ball
1-1: Ball
2-1: DOUBLE (Flyball, 78XD, EV 109.4 MPH)
Landon Ramsburg to third
Runner from 3rd tries for Home, SAFE, throw by CF to home
Batting: RHB Miroel Alcantar 0-0: Called Strike
0-1: Foul Ball, location: 9LMF
0-2: Ball
1-2: Ball
2-2: Foul Ball, location: 3F
2-2: Strikes out swinging
Bottom of the 1st over - 1 run, 1 hit, 0 errors, 1 left on base; Fresno 0 - Colorado 1
TOP OF THE 2ND
Fresno Falcons batting - Pitching for Colorado Rockies : RHP Eric Wilson
Batting: LHB Connor Pla 0-0: Ball
1-0: SINGLE (Groundball, 34D, EV 100.6 MPH)
Batting: RHB Apolo Tussey 0-0: Ball
1-0: 2-RUN HOME RUN (Flyball, 89XD, EV 100.6 MPH), Distance : 398 ft
Batting: RHB Eric Alvares 0-0: Called Strike
0-1: Swinging Strike
0-2: Foul Ball, location: 3F
0-2: Ball
1-2: Strikes out looking
Batting: LHB Everett Hardin 0-0: SOLO HOME RUN (Flyball, 89XD, EV 101.3 MPH), Distance : 382 ft
Batting: RHB José Ángel Ayon 0-0: Ball
1-0: Foul Ball, location: 9LDF
1-1: SINGLE (Line Drive, 8LS, EV 94.4 MPH)
Batting: SHB John Wheeler 0-0: Called Strike
0-1: Ball
1-1: Foul Ball, location: 3DF
1-2: Ball
2-2: Fly out, F5 (Popup, 5SF, EV 65.0 MPH)
Batting: RHB Zach Pryor 0-0: Called Strike
0-1: Ball
1-1: Ball
2-1: Fielders Choice at 2nd, 6-4 (Groundball, 6, EV 86.9 MPH)
Top of the 2nd over - 3 runs, 4 hits, 0 errors, 1 left on base; Fresno 3 - Colorado 1
BOTTOM OF THE 2ND
Colorado Rockies batting - Pitching for Fresno Falcons : RHP Christopher Womack
Batting: RHB Henry Vandervort 0-0: Ground out 6-3 (Groundball, 4M, EV 88.8 MPH)
Now at SS: Jonah Pérez
Batting: LHB Chevy Morris 0-0: Ball
1-0: Fly out, F6 (Line Drive, 6, EV 70.6 MPH)
Batting: LHB Rob Hedrick 0-0: Called Strike
0-1: Ball
1-1: SINGLE (Groundball, 34D, EV 94.4 MPH)
Batting: RHB Andrew Armenteros 0-0: Called Strike
0-1: Ball
1-1: Ground out 6-3 (Groundball, 6S, EV 88.8 MPH)
Bottom of the 2nd over - 0 runs, 1 hit, 0 errors, 1 left on base; Fresno 3 - Colorado 1
TOP OF THE 3RD
Fresno Falcons batting - Pitching for Colorado Rockies : RHP Eric Wilson
Batting: RHB Aryan Christopherson 0-0: Called Strike
0-1: Ball
1-1: Foul Ball, location: 9LDF
1-2: Foul Ball, location: 9LMF
1-2: Strikes out looking
Batting: LHB Juan Oliu 0-0: Ball
1-0: Ball
2-0: Called Strike
2-1: SINGLE (Line Drive, 8LS, EV 104.4 MPH)
Batting: LHB Connor Pla 0-0: Foul Ball, location: 9LDF
0-1: Grounds into double play, 4-6-3 (Groundball, 4, EV 85.0 MPH)
Top of the 3rd over - 0 runs, 1 hit, 0 errors, 0 left on base; Fresno 3 - Colorado 1
BOTTOM OF THE 3RD
Colorado Rockies batting - Pitching for Fresno Falcons : RHP Christopher Womack
Batting: RHB Vic Soler 0-0: DOUBLE (Line Drive, 78D, EV 106.9 MPH)
Batting: LHB Landon Ramsburg 0-0: Called Strike
0-1: Ball
1-1: DOUBLE (Flyball, 78D, EV 111.9 MPH)
Vic Soler scores
Batting: RHB Edward Lepak 0-0: Ball
1-0: Foul Ball, location: 9LMF
1-1: Ground out 4-3 (Groundball, 4, EV 88.1 MPH)
Landon Ramsburg to third
Batting: LHB Dave Ramsey 0-0: Called Strike
0-1: Ball
1-1: DOUBLE (Line Drive, 9LS, EV 105.6 MPH)
Landon Ramsburg scores
Batting: RHB Miroel Alcantar 0-0: Ball
1-0: Ball
2-0: SINGLE (Line Drive, 4MD, EV 111.3 MPH)
Dave Ramsey to third
Batting: RHB Henry Vandervort 0-0: Ball
1-0: Foul Ball, location: 9LDF
1-1: Called Strike
1-2: Strikes out swinging
Batting: LHB Chevy Morris 0-0: Ball
1-0: Fielders Choice at 2nd, 5-4 (Groundball, 56, EV 86.9 MPH)
Bottom of the 3rd over - 2 runs, 4 hits, 0 errors, 2 left on base; Fresno 3 - Colorado 3
TOP OF THE 4TH
Fresno Falcons batting - Pitching for Colorado Rockies : RHP Eric Wilson
Batting: RHB Apolo Tussey 0-0: Ball
1-0: Foul Ball, location: 2F
1-1: Ball
2-1: Ground out 5-3 (Groundball, 56, EV 85.0 MPH)
Batting: RHB Eric Alvares 0-0: Called Strike
0-1: Ball
1-1: Ground out U3 (Groundball, 34S, EV 78.8 MPH)
Batting: LHB Everett Hardin 0-0: Ball
1-0: Foul Ball, location: 7LSF
1-1: Ball
2-1: Foul Ball, location: 2F
2-2: Ball
3-2: Foul Ball, location: 2F
3-2: Strikes out looking
Top of the 4th over - 0 runs, 0 hits, 0 errors, 0 left on base; Fresno 3 - Colorado 3
BOTTOM OF THE 4TH
Colorado Rockies batting - Pitching for Fresno Falcons : RHP Christopher Womack
Batting: LHB Rob Hedrick 0-0: Called Strike
0-1: Ball
1-1: Ground out 6-3 (Groundball, 6, EV 101.3 MPH)
Batting: RHB Andrew Armenteros 0-0: SINGLE (Groundball, 5L, EV 88.8 MPH) (infield hit)
Batting: RHB Vic Soler 0-0: Ball
1-0: Ball
2-0: Called Strike
2-1: Fielders Choice at 2nd, 6-4 (Groundball, 6, EV 89.4 MPH)
Batting: LHB Landon Ramsburg 0-0: Called Strike
Vic Soler steals 2nd base (no throw)
0-1: Ball
1-1: Ball
2-1: Ball
3-1: Ground out 4-3 (Groundball, 4, EV 89.4 MPH)
Bottom of the 4th over - 0 runs, 1 hit, 0 errors, 1 left on base; Fresno 3 - Colorado 3
TOP OF THE 5TH
Fresno Falcons batting - Pitching for Colorado Rockies : RHP Eric Wilson
Batting: SHB Jonah Pérez 0-0: Called Strike
0-1: Swinging Strike
0-2: Ball
1-2: Foul Ball, location: 2F
1-2: Strikes out swinging
Batting: SHB John Wheeler 0-0: Foul Ball, location: 9LSF
0-1: Ball
1-1: Called Strike
1-2: Strikes out swinging
Batting: RHB Zach Pryor 0-0: Ball
1-0: SINGLE (Line Drive, 6D, EV 107.5 MPH)
Batting: RHB Aryan Christopherson 0-0: Swinging Strike
0-1: Called Strike
0-2: SINGLE (Line Drive, 4M, EV 98.1 MPH)
Zach Pryor to second
Throwing error, E8
Zach Pryor scores
Aryan Christopherson to second
Batting: LHB Juan Oliu 0-0: Foul Ball, location: 2F
0-1: Ground out U3 (Groundball, 34, EV 83.1 MPH)
Top of the 5th over - 1 run, 2 hits, 1 error, 1 left on base; Fresno 4 - Colorado 3
BOTTOM OF THE 5TH
Colorado Rockies batting - Pitching for Fresno Falcons : RHP Christopher Womack
Batting: RHB Edward Lepak 0-0: Foul Ball, location: 23FF
0-1: Called Strike
0-2: Foul Ball, location: 9LMF
0-2: Ball
1-2: Ground out 4-3 (Groundball, 4MD, EV 98.1 MPH)
Batting: LHB Dave Ramsey 0-0: Fly out, F8 (Flyball, 8RD, EV 98.1 MPH)
Batting: RHB Miroel Alcantar 0-0: Called Strike
0-1: Swinging Strike
0-2: Foul Ball, location: 2F
0-2: Fly out, F8 (Flyball, 89S, EV 76.9 MPH)
Bottom of the 5th over - 0 runs, 0 hits, 0 errors, 0 left on base; Fresno 4 - Colorado 3
TOP OF THE 6TH
Fresno Falcons batting - Pitching for Colorado Rockies : RHP Eric Wilson
Batting: LHB Connor Pla 0-0: Ball
1-0: Fly out, F7 (Flyball, 7D, EV 98.8 MPH)
Batting: RHB Apolo Tussey 0-0: Ball
1-0: Ball
2-0: SINGLE (Line Drive, 6MD, EV 95.0 MPH)
Batting: RHB Eric Alvares 0-0: Ball
1-0: Ball
2-0: Ball
3-0: Called Strike
3-1: Foul Ball, location: 2F
3-2: Strikes out swinging
Batting: LHB Everett Hardin 0-0: Ball
1-0: Called Strike
1-1: Called Strike
1-2: Hit by Pitch
Apolo Tussey to second
Batting: SHB Jonah Pérez 0-0: Ball
1-0: Ball
2-0: Ball
3-0: Called Strike
3-1: Fielders Choice at 2nd, 6-4 (Groundball, 6, EV 110.0 MPH)
Top of the 6th over - 0 runs, 1 hit, 0 errors, 2 left on base; Fresno 4 - Colorado 3
BOTTOM OF THE 6TH
Colorado Rockies batting - Pitching for Fresno Falcons : RHP Christopher Womack
Batting: RHB Henry Vandervort 0-0: Foul Ball, location: 2F
0-1: Ball
1-1: Called Strike
1-2: Ground out 5-3 (Groundball, 56, EV 86.9 MPH)
Batting: LHB Chevy Morris 0-0: Ball
1-0: Called Strike
1-1: Swinging Strike
1-2: Ground out 3-1 (Groundball, 34, EV 84.4 MPH)
Batting: LHB Rob Hedrick 0-0: Ball
1-0: Called Strike
1-1: Swinging Strike
1-2: Ground out 4-3 (Groundball, 4, EV 106.9 MPH)
Bottom of the 6th over - 0 runs, 0 hits, 0 errors, 0 left on base; Fresno 4 - Colorado 3
TOP OF THE 7TH
Fresno Falcons batting - Pitching for Colorado Rockies : RHP Eric Wilson
Batting: SHB John Wheeler 0-0: Foul Ball, location: 2F
0-1: SOLO HOME RUN (Flyball, 9D, EV 95.6 MPH), Distance : 384 ft
Pitching: RHP Timothy Brady
Batting: RHB Zach Pryor 0-0: SINGLE (Line Drive, 34D, EV 106.3 MPH)
Batting: RHB Aryan Christopherson 0-0: Bunt - Flyout to 13S! F1
Pitching: LHP Willy Barriga
Batting: LHB Juan Oliu 0-0: Ball
Zach Pryor steals 2nd base
1-0: Ball
2-0: Swinging Strike
2-1: Foul Ball, location: 2F
2-2: Strikes out swinging
Batting: LHB Connor Pla 0-0: Ball
1-0: Ball
2-0: Swinging Strike
2-1: Ball
3-1: Swinging Strike
3-2: Strikes out looking
Top of the 7th over - 1 run, 2 hits, 0 errors, 1 left on base; Fresno 5 - Colorado 3
BOTTOM OF THE 7TH
Colorado Rockies batting - Pitching for Fresno Falcons : RHP Christopher Womack
Batting: RHB Andrew Armenteros 0-0: Ball
1-0: Called Strike
1-1: Ball
2-1: Called Strike
2-2: Foul Ball, location: 9LDF
2-2: Foul Ball, location: 3F
2-2: Ball
3-2: Foul Ball, location: 3SF
3-2: Strikes out swinging
Batting: RHB Vic Soler 0-0: Called Strike
0-1: Foul Ball, location: 2F
0-2: Foul Ball, location: 5FF
0-2: Hit by Pitch
Batting: LHB Landon Ramsburg 0-0: Called Strike
0-1: Ball
1-1: Ball
2-1: Foul Ball, location: 2F
2-2: Single, Error in OF, E8, batter to second base (Line Drive, 89M, EV 103.8 MPH)
Vic Soler to third
Pitching: RHP Mikel Rodriguez
Batting: RHB Edward Lepak 0-0: Fly out, F7 (Flyball, 78D, EV 94.4 MPH)
Runner from 3rd tags up, SCORES, no throw by LF
Batting: LHB Dave Ramsey 0-0: Ball
1-0: Ball
2-0: Ground out U3 (Groundball, 3L, EV 107.5 MPH)
Bottom of the 7th over - 1 run, 1 hit, 1 error, 1 left on base; Fresno 5 - Colorado 4
TOP OF THE 8TH
Fresno Falcons batting - Pitching for Colorado Rockies : LHP Willy Barriga
Batting: RHB Apolo Tussey 0-0: Called Strike
0-1: Fly out, F7 (Flyball, 78M, EV 80.6 MPH)
Batting: RHB Eric Alvares 0-0: Ball
1-0: Ball
2-0: Foul Ball, location: 2F
2-1: Foul Ball, location: 2F
2-2: Ground out 5-3 (Groundball, 56, EV 98.8 MPH)
Batting: LHB Everett Hardin 0-0: Called Strike
0-1: Ball
1-1: Ball
2-1: Foul Ball, location: 23F
2-2: Strikes out swinging
Top of the 8th over - 0 runs, 0 hits, 0 errors, 0 left on base; Fresno 5 - Colorado 4
BOTTOM OF THE 8TH
Colorado Rockies batting - Pitching for Fresno Falcons : RHP Mikel Rodriguez
Batting: RHB Miroel Alcantar 0-0: Called Strike
0-1: Ground out 6-3 (Groundball, 56, EV 80.0 MPH)
Batting: RHB Henry Vandervort 0-0: Ball
1-0: Ball
2-0: Called Strike
2-1: Ball
3-1: Swinging Strike
3-2: Foul Ball, location: 9LSF
3-2: Strikes out swinging, 2-3 out at first.
Batting: LHB Chevy Morris 0-0: Ball
1-0: DOUBLE (Line Drive, 3D, EV 99.4 MPH)
Batting: LHB Rob Hedrick 0-0: Called Strike
0-1: DOUBLE (Flyball, 8RXD, EV 103.1 MPH)
Chevy Morris scores
Pinch Hitting: RHB Keiran Coleman 0-0: Ball
1-0: Foul Ball, location: 9LDF
1-1: Ball
2-1: Called Strike
2-2: Strikes out swinging
Bottom of the 8th over - 1 run, 2 hits, 0 errors, 1 left on base; Fresno 5 - Colorado 5
TOP OF THE 9TH
Fresno Falcons batting - Pitching for Colorado Rockies : LHP Willy Barriga
Now at 2B: Henry Vandervort
Now at 3B: Martin Acevedo
Now at SS: Vic Soler
Batting: SHB Jonah Pérez 0-0: Ball
1-0: Ball
2-0: Ball
3-0: Called Strike
3-1: SINGLE (Groundball, 6, EV 86.3 MPH)
Batting: SHB John Wheeler 0-0: Swinging Strike
0-1: Called Strike
0-2: Strikes out swinging
Batting: RHB Zach Pryor 0-0: Foul Ball, location: 5F
0-1: Ball
1-1: Called Strike
1-2: Foul Ball, location: 2F
1-2: Ball
2-2: SINGLE (Groundball, 3D, EV 93.8 MPH)
Jonah Pérez to second
Runner from 2nd tries for 3rd, SAFE, no throw by RF
Batting: RHB Aryan Christopherson 0-0: Hit by Pitch
Zach Pryor to second
Pitching: LHP Marcus Graham
Batting: LHB Juan Oliu 0-0: Called Strike
0-1: Grounds into fielders choice 6-2 (Groundball, 4, EV 79.4 MPH)
Zach Pryor to third
Aryan Christopherson to second
Batting: LHB Connor Pla 0-0: Ball
1-0: Swinging Strike
1-1: DOUBLE (Line Drive, 78XD, EV 103.8 MPH)
Zach Pryor scores
Aryan Christopherson scores
Juan Oliu to third
Batting: RHB Apolo Tussey 0-0: Ball
1-0: Called Strike
1-1: Ball
2-1: Called Strike
2-2: Foul Ball, location: 2F
2-2: Fly out, F3 (Popup, 3S, EV 86.3 MPH)
Top of the 9th over - 2 runs, 3 hits, 0 errors, 2 left on base; Fresno 7 - Colorado 5
BOTTOM OF THE 9TH
Colorado Rockies batting - Pitching for Fresno Falcons : RHP Mikel Rodriguez
Pitching: RHP Gregg Walters
Now in LF: Dominic Hodgkins
Batting: RHB Vic Soler 0-0: Fly out, F5 (Popup, 56S, EV 73.8 MPH)
Batting: LHB Landon Ramsburg 0-0: Ground out 6-3 (Groundball, 6, EV 90.6 MPH)
Batting: RHB Edward Lepak 0-0: Called Strike
0-1: DOUBLE (Line Drive, 89D, EV 101.9 MPH)
Batting: LHB Dave Ramsey 0-0: Called Strike
0-1: Ball
1-1: Foul Ball, location: 2F
1-2: Strikes out looking
Bottom of the 9th over - 0 runs, 1 hit, 0 errors, 1 left on base; Fresno 7 - Colorado 5
Wednesday, March 27th , 2024 - OOTP Baseball 24.11 Build 85